 Dungeon Crawl Stone Soup version 0.31-a0-361-g0f8bd3a31e (webtiles) character file.

Game seed: 1315902778827917099

73 BritishOli the Trooper (level 4, 0/35 HPs)
             Began as a Demonspawn Fighter on July 27, 2023.
             Was an Initiate of Makhleb.
             Slain by a river rat (6 damage)
             ... summoned by Eustachio
             ... on level 3 of the Dungeon.
             The game lasted 00:01:44 (1549 turns).

BritishOli the Trooper (Demonspawn Fighter)         Turns: 1549, Time: 00:01:45

Health: 0/35       AC:  6    Str: 18      XL:     4   Next: 8%
Magic:  4/4        EV:  6    Int: 10      God:    Makhleb [......]
Gold:   137        SH: 12    Dex: 11 (12) Spells: 3/3 levels left

rFire   + . .        a - +0 war axe
rCold   . . .        i - +0 tower shield
rNeg    . . .        b - +0 scale mail
rPois   .            (no helmet)
rElec   .            (no cloak)
rCorr   .            (no gloves)
SInv    .            (no boots)
Will    .....        (no amulet) Stlth
                     h - ring of fire
HPRegen 0.25/turn    c - ring of protection from cold
MPRegen 0.09/turn

%: no passive effects
@: no status effects
A: hooves 1, demonic guardian 1, weakness stinger 1
a: Renounce Religion


You were on level 3 of the Dungeon.
You worshipped Makhleb.
Makhleb was noncommittal.
You visited 1 branch of the dungeon, and saw 4 of its levels.

You collected 137 gold pieces.

Inventory:

Hand Weapons
 a - a +0 war axe (weapon)
Armour
 b - a +0 scale mail (worn)
 i - a +0 tower shield (worn)
Jewellery
 c - a ring of protection from cold (right hand)
 h - a ring of fire (left hand)
Scrolls
 f - 5 scrolls of identify {unknown}
 j - a scroll of teleportation {unknown}
 k - a scroll of enchant weapon {unknown}
 l - 2 scrolls of noise {unknown}
Potions
 d - a potion of might
 e - a potion of haste {unknown}
 g - a potion of degeneration {unknown}
 m - a potion of brilliance {unknown}
 n - 2 potions of curing {unknown}


   Skills:
 + Level 3.5 Fighting
 + Level 2.4 Axes
 + Level 3.2 Armour
 + Level 3.2 Shields


You had 3 spell levels left.
You didn't know any spells.
Your spell library contained the following spells:

 Spells                   Type           Power      Damage    Failure   Level
 Dazzling Flash           Conj/Hex       0%         N/A       100%        3
 Hailstorm                Conj/Ice       0%         3d3       100%        3
 Volatile Blastmotes      Fire/Tloc      0%         2d10      100%        3
 Leda's Liquefaction      Hex/Erth       0%         N/A       100%        4
 Freezing Cloud           Conj/Ice/Air   0%         6-21      100%        5
 Starburst                Conj/Fire      0%         6d3       100%        6
 Lehudib's Crystal Spear  Conj/Erth      0%         10d2      100%        8
 Maxwell's Capacitive Co  Air            0%         ∞         100%        8


Dungeon Overview and Level Annotations

Branches:
Dungeon (4/15)
 Temple: D:4-7

Altars:
Makhleb

Annotations:
D:3 Eustachio


Innate Abilities, Weirdness & Mutations

You have large cloven feet.
A weak demonic guardian rushes to your aid.
You have a small tail.


Message History

Eustachio hits you with a +0 falchion!
You are too injured to fight recklessly!
You are too injured to fight recklessly!
You are too injured to fight recklessly!
You are too injured to fight recklessly!
Unknown command.
You closely miss Eustachio.
You tail-slap Eustachio, but do no damage.
Eustachio is heavily wounded.
Your ufetubus hits Eustachio.
Your ufetubus barely misses Eustachio.
Your ufetubus hits Eustachio.
Your ufetubus hits Eustachio but does no damage.
Eustachio misses your ufetubus.
Your ufetubus closely misses Eustachio.
Your ufetubus hits Eustachio.
Eustachio hits your ufetubus with a +0 falchion.
You hit Eustachio. You tail-slap Eustachio.
Eustachio is almost dead.
Your ufetubus hits Eustachio.
Your ufetubus closely misses Eustachio.
The rat closely misses your ufetubus.
Your ufetubus barely misses Eustachio.
Your ufetubus closely misses Eustachio.
Eustachio hits your ufetubus with a +0 falchion!
Your ufetubus dies!
Your ufetubus disappears in a puff of smoke!
You barely miss Eustachio.
Eustachio is almost dead.
You hit the rat but do no damage. Eustachio barely misses you.
The rat barely misses you.
Eustachio casts a spell.
Eustachio blinks!
You block the rat's attack.
Unknown command.
Eustachio screams, "This atrocity can only be purified with blood!"
Eustachio mumbles some strange words.
The rat twitches its whiskers.
The rat barely misses you.
Eustachio gestures wildly while chanting.
Eustachio mumbles some strange words.
Eustachio blinks!
The rat bites you. The river rat bites you.
* * * LOW HITPOINT WARNING * * *
The river rat attacks as you move away! The river rat bites you.
You die...

#.# ### ##..### #....
####'#########...## #....
#.....##...#####..####....
#.....##.>.##.......##....
#.######...######...##....
#.######...#######..######
#.##...........# #..#####
#.##.>...r...>.# ##.....#
#.##....r@.....####.#.#.#
#.######§r.######...#.#.#
#......r..........###...##
#....8.).⌠.^.8@...# ###..#
#.................# #...
########...######## #.##
#...........# #...
#.<.......<.# ####
#...........#


You could see Eustachio, 2 river rats and 2 rats.

Vanquished Creatures
  An adder (D:2)
  A worm (D:2)
  A dart slug (D:3)
  3 orcs (D:3)
  10 bats
  8 endoplasms
  5 goblins
  2 hobgoblins
  3 kobolds
  5 quokkas
  2 ball pythons (D:1)
  5 frilled lizards
  4 rats
50 creatures vanquished.

Vanquished Creatures (others)
  An orc (D:4)
1 creature vanquished.

Grand Total: 51 creatures vanquished

Notes
Turn   | Place    | Note
-------+----------+-------------------------------------------
     0 | D:1      | BritishOli the Demonspawn Fighter began the quest for the
                  | Orb.
     0 | D:1      | Reached XP level 1. HP: 18/18 MP: 1/1
   103 | D:1      | Gained mutation: A weak demonic guardian rushes to your
                  | aid. [demonic ancestry]
   103 | D:1      | Reached XP level 2. HP: 23/24 MP: 2/2
   105 | D:1      | Found a faded altar of an unknown god.
   482 | D:2      | Discovered your monstrous ancestry.
   482 | D:2      | Gained mutation: You have large cloven feet. [demonic
                  | ancestry]
   482 | D:2      | Reached XP level 3. HP: 23/29 MP: 0/3
  1185 | D:3      | Got the Opusculum on the Icy Ground
  1272 | D:3      | Found a burning altar of Makhleb.
  1291 | D:3      | Gained mutation: You have a small tail. [demonic ancestry]
  1291 | D:3      | Reached XP level 4. HP: 35/35 MP: 4/4
  1298 | D:3      | Became a worshipper of Makhleb the Destroyer
  1529 | D:4      | Noticed Eustachio
  1549 | D:3      | Slain by a river rat

Illustrated notes

Levels and vault maps discovered:
D:1:      eino_arrival_cavern_d, layout_rooms, chequers_ecumenical_altar_island
D:2:      layout_rooms
D:3:      layout_basic, bloody_makhleb, nicolae_elevator_lobby_plus
D:4:      layout_cave_pools, nicolae_sif_muna_condensation,
          minmay_temple_entry_poolview, gup_sewer_entry_spiral, uniq_eustachio

Skill      XL: |  1  2 |
---------------+-------+-----
Axes           | 2 |  2.4
Armour         | 3 |  3.2
Shields        | 3 |  3.2
Fighting       | |  3.5

Action                     |  1- 3 |  4- 6 || total
---------------------------+-------+-------++-------
  Melee: War axe           |    97 |    23 ||   120
         Kick              |    16 |     1 ||    17
         Tailslap          |       |     3 ||     3
 Armour: Scale mail        |    56 |    14 ||    70
  Dodge: Dodged            |    40 |    13 ||    53
  Block: Buckler           |    12 |       ||    12
         Tower shield      |    41 |    21 ||    62

Table legend: (Time is in decaauts)
 A = Elapsed time spent in this place.
 B = Non-inter-level travel time spent in this place.
 C = Inter-level travel time spent in this place.
 D = Time resting spent in this place.
 E = Time spent auto-exploring this place.
 F = Levels seen in this place.
 G = Mean time per level.
                   A        B        C        D        E       F      G
               +--------+--------+--------+--------+--------+-----+--------+
         Total |   1624 |   1550 |     74 |     72 |   1094 |   4 |  406.0 |
       Dungeon |   1624 |   1550 |     74 |     72 |   1094 |   4 |  406.0 |
               +--------+--------+--------+--------+--------+-----+--------+

Top non-repeatable levels by time:
     D:3: 575 daAuts
     D:2: 551 daAuts
     D:1: 492 daAuts
     D:4: 5 daAuts
